 Dungeon Crawl Stone Soup version 0.21.0-3-g78d12a8 (webtiles) character file.

409 vishdafish the Chopper (level 7, -7/53 HPs)
             Began as a Formicid Skald on Jan 14, 2018.
             Killed by divine providence
             ... invoked by an orc priest
              (14 damage)
             ... on level 3 of the Dungeon.
             The game lasted 00:15:01 (6157 turns).

vishdafish the Chopper (Formicid Skald)             Turns: 6157, Time: 00:15:02

Health: -7/53      AC:  5    Str: 16    XL:     7   Next: 13%
Magic:  12/12      EV: 12    Int: 14    God:
Gold:   98         SH:  0    Dex: 10    Spells: 11/12 levels left

rFire    . . .     SeeInvis +   a - +0 hand axe
rCold    . . .     Gourm    .   (no shield)
rNeg     . . .     Faith    .   b - +0 leather armour
rPois    .         Spirit   .   (helmet unavailable)
rElec    .         Reflect  .   g - +0 cloak
rCorr    .         Harm     .   (no gloves)
MR       .....                  y - +0 pair of boots
Stlth    +.........             (no amulet)
HPRegen  0.17/turn              (no ring)
MPRegen  0.13/turn              (no ring)

@: drained
A: permanent stasis, dig shafts and tunnels, four strong arms, antennae 3
a: Dig, Shaft Self


You were on level 3 of the Dungeon.
You were hungry.

You visited 1 branch of the dungeon, and saw 4 of its levels.

You collected 267 gold pieces.
You spent 169 gold pieces at shops.

Inventory:

Hand Weapons
 a - a +0 hand axe (weapon)
 n - a +0 hand axe
 q - a +0 blowgun
 A - a -3 mace
Missiles
 r - 2 poisoned needles
Armour
 b - a +0 leather armour (worn)
 g - a +0 cloak (worn)
 m - a +0 large shield
 w - a +2 chain mail of fire resistance
 y - a +0 pair of boots (worn)
Wands
 v - a wand of digging (16)
Scrolls
 e - a scroll of magic mapping {unknown}
 f - a scroll of teleportation {unknown}
 h - 4 scrolls of identify
 p - a scroll of fear {unknown}
 u - a scroll of remove curse
 x - a scroll of amnesia {unknown}
 B - a scroll of fog {unknown}
 C - a scroll of immolation {unknown}
Potions
 i - a potion of degeneration {unknown}
 j - 2 potions of brilliance {unknown}
 k - a potion of flight {unknown}
 l - 2 potions of ambrosia {unknown}
 o - 2 potions of heal wounds {unknown}
 t - a potion of mutation
Books
 c - a book of Battle

   Spells                             Type                      Level
   a - Infusion                       Charms                       1
   b - Shroud of Golubria             Charms/Translocation         2
   c - Song of Slaying                Charms                       2
   d - Spectral Weapon                Hexes/Charms                 3
   e - Regeneration                   Charms/Necromancy            3
Comestibles
 d - 6 rations


   Skills:
 + Level 3.9(3.7) Fighting
 * Level 4.7(4.6) Axes
 - Level 1.1(0.9) Armour
 - Level 2.2(2.1) Dodging
 + Level 2.7(2.6) Shields
 - Level 3.4(3.3) Spellcasting
 - Level 3.1(3.0) Charms


You had 11 spell levels left.
You knew the following spells:

 Your Spells              Type           Power        Failure   Level  Hunger
a - Infusion              Chrm           ##..         8%          1    #......


Dungeon Overview and Level Annotations

Branches:
Dungeon (4/15)
 Temple: D:4-7

Altars:

Shops:
D:4 *


Innate Abilities, Weirdness & Mutations

You cannot be hasted, slowed, berserked, paralysed or teleported.
You can dig through walls and to a lower floor.
Your four strong arms can wield two-handed weapons with a shield.
You have a pair of large antennae on your head. (SInv)


Message History

You hit the orc priest.
The orc priest is almost dead.
The orc priest hits you with a dagger. x2
You barely miss the orc priest.
The orc priest is almost dead.
The orc priest looks satisfied for a moment.
You hit the orc priest.
The orc priest is almost dead.
The orc priest barely misses you.
You barely miss the orc priest.
The orc priest is almost dead.
The orc priest invokes the aid of Beogh against you.
Pain shoots through your body!
* * * LOW HITPOINT WARNING * * *
Okay, then.
You hit the orc priest.
The orc priest is almost dead.
The orc priest calls down the wrath of Beogh upon you.
Beogh smites you!
You die...

## #.# #.# ## #.# #.# #.#
#.# #.# #.# #.###.# #@#.#
##o#
#####{################
#..(o{.....[........).
....{.o###################
.##.... . #...o .. ###.#
...###### #o ........#


You could see an orc priest.

Vanquished Creatures
  A bullfrog (D:4)
  A water moccasin skeleton (D:4)
  An orc priest (D:4)
  Crazy Yiuf (D:4)
  2 orc wizards
  Ijyb (D:4)
  A worker ant (D:3)
  7 adders
  3 dart slugs
  4 leopard geckos
  9 orcs
  6 bats
  2 giant cockroaches
  7 goblins
  5 hobgoblins
  A ball python (D:2)
  A frilled lizard (D:2)
  5 kobolds
  A leopard gecko skeleton (D:4)
  A quokka skeleton (D:3)
  10 rats
70 creatures vanquished.

Notes
Turn   | Place    | Note
-------+----------+-------------------------------------------
     0 | D:1      | vishdafish the Formicid Skald began the quest for the Orb.
     0 | D:1      | Reached XP level 1. HP: 16/16 MP: 3/3
   526 | D:1      | Reached XP level 2. HP: 21/23 MP: 5/5
  1569 | D:1      | Reached XP level 3. HP: 13/28 MP: 1/6
  2765 | D:2      | Reached XP level 4. HP: 14/34 MP: 2/7
  2958 | D:2      | Reached skill level 3 in Axes
  3982 | D:3      | Reached skill level 1 in Shields
  3982 | D:3      | Reached XP level 5. HP: 27/41 MP: 3/9
  4644 | D:3      | Found a faded altar of an unknown god.
  4743 | D:3      | Noticed an ogre
  4861 | D:4      | Reached skill level 4 in Axes
  4861 | D:4      | Reached XP level 6. HP: 32/47 MP: 10/10
  5185 | D:4      | Found Raylying's General Store.
  5192 | D:4      | Bought a scroll of identify for 26 gold pieces
  5192 | D:4      | Bought a potion of mutation for 104 gold pieces
  5192 | D:4      | Bought a scroll of remove curse for 39 gold pieces
  5214 | D:4      | Found a runed door.
  5219 | D:4      | Noticed Crazy Yiuf
  5242 | D:4      | Killed Crazy Yiuf
  5505 | D:4      | Noticed Ijyb
  5545 | D:4      | Killed Ijyb
  5799 | D:4      | Reached XP level 7. HP: 50/53 MP: 8/12
  6157 | D:3      | Killed from afar by an orc priest

Skill      XL: |  1  2  3  4  5  6 |
---------------+-------------------+-----
Dodging        | 2 |  2.2
Axes           | 3 4 |  4.7
Fighting       | 3 |  3.9
Shields        | 1 2 |  2.7
Spellcasting   | 3 |  3.4
Armour         | |  1.1
Charms         | |  3.1

Action                   |  1- 3 |  4- 6 |  7- 9 || total
-------------------------+-------+-------+-------++-------
Melee: Hand axe          |    95 |   211 |    31 ||   337
 Fire: Blowgun           |       |     2 |       ||     2
Throw: Throwing net      |       |     1 |       ||     1
 Cast: Infusion          |     6 |    21 |     1 ||    28
Evoke: Wand              |       |     2 |     2 ||     4
  Use: Scroll            |       |     1 |       ||     1
       Potion            |       |     1 |       ||     1
  Eat: Chunk             |     1 |     5 |       ||     6
       Ration            |     1 |     2 |       ||     3
Armor: Leather armour    |    20 |    52 |     4 ||    76
Dodge: Dodged            |    82 |   146 |    14 ||   242
